 Dungeon Crawl Stone Soup version 0.18-a0-1639-g7533f42 (webtiles) character file.

396 M4edhros the Ducker (level 6, 0/42 HPs)
             Began as an Octopode Fighter on Mar 27, 2016.
             Was a Priest of Makhleb.
             Slain by Robin
             ... wielding a +0 spear
              (7 damage)
             ... on level 4 of the Dungeon.
             The game lasted 00:02:54 (1782 turns).

M4edhros the Ducker (Octopode Fighter)              Turns: 1782, Time: 00:02:55

Health: 0/42       AC:  1    Str: 15    XL:     6   Next: 82%
Magic:  6/6        EV: 13    Int: 11    God:    Makhleb [***...]
Gold:   166        SH:  9    Dex: 17    Spells: 0 memorised, 5 levels left

rFire  . . .     SeeInvis .     a - +0 trident
rCold  . . .     Gourm    .     b - +0 shield
rNeg   . . .     Faith    .     (helmet restricted)
rPois  .         Spirit   .     (no amulet)
rElec  .         Dismiss  .     j - ring of stealth
rCorr  .         Reflect  .     o - +2 ring of dexterity
SustAt .         Harm     .     (no ring)
MR     .....                    (no ring)
Stlth  +++++.....               (no ring)
                                (no ring)
                                (no ring)
                                (no ring)

@: very slightly contaminated, hasted, very quick, not resistant to hostile
enchantments, quite stealthy
A: almost no armour, amphibious, 8 rings, constrict 8, fangs 1, tentacle spike
2, camouflage 1, agile 1, blurry vision 1, gelatinous body 1
a: Minor Destruction, Lesser Servant of Makhleb, Renounce Religion


You were on level 4 of the Dungeon.
You worshipped Makhleb.
Makhleb was most pleased with you.
You were not hungry.

You visited 1 branch of the dungeon, and saw 4 of its levels.

You collected 166 gold pieces.

Inventory:

Hand Weapons
 a - a +0 trident (weapon)
 p - a +1 spear of piercing
 t - a cursed -2 blowgun
Missiles
 i - 86 stones (quivered)
 u - 8 curare-tipped needles
Armour
 b - a +0 shield (worn)
Jewellery
 j - a ring of stealth (left tentacle)
 o - a +2 ring of dexterity (right tentacle)
Wands
 f - a wand of polymorph (15/24)
 s - a wand of lightning (7/15)
Scrolls
 e - 7 scrolls of identify {unknown}
 h - a scroll of fear {unknown}
 m - 2 scrolls of magic mapping {unknown}
 n - 3 scrolls of remove curse {unknown}
Potions
 c - a potion of might
 l - a potion of lignification {unknown}
 r - a potion of agility {unknown}
 v - a potion of flight {unknown}
Comestibles
 d - 3 bread rations
 g - 4 meat rations
 q - a beef jerky


   Skills:
 - Level 3.0 Fighting
 + Level 3.9 Polearms
 + Level 4.6 Dodging
 + Level 4.4 Stealth
 + Level 4.4 Shields


You had 5 spell levels left.
You didn't know any spells.

Dungeon Overview and Level Annotations

Branches:
Dungeon (4/15)
 Temple: D:4-7

Altars:
Ashenzari
Cheibriados
Makhleb
Pakellas
Qazlal
Trog
Vehumet

Annotations:
D:4 Robin


Innate Abilities, Weirdness & Mutations

You cannot wear most types of armour.
You are amphibious.
You can wear up to eight rings at the same time.
You can use your tentacles to constrict eight enemies at once.
Your skin changes colour to match your surroundings (Stealth).
Your rubbery body absorbs attacks (AC +1).
You have very sharp teeth.
One of your tentacles bears a nasty spike.
You are agile. (Dex +2)
Scrolls take you a little longer to read.


Message History

Unknown command.
You are too injured to fight recklessly!
A hound comes into view.
The hound moves out of view.
You block the goblin's attack.
Drink which item? (? for menu, Esc to quit)
It was a potion of haste.
You feel yourself speed up. You block the goblin's attack.
You are very lightly contaminated with residual magic.
You hit the goblin.
You kill the goblin!
Makhleb accepts your kill.
You feel better.
You are too injured to fight recklessly!
You are too injured to fight recklessly!
You are too injured to fight recklessly!
You completely miss the hobgoblin. Your grab misses the hobgoblin.
You pierce the hobgoblin.
Your bite misses the hobgoblin.
The hobgoblin is moderately wounded.
Robin hits you from afar with a spear!
You die...

# ..#.. ....#.#
..#.......#.# #
####......_..... #.
#.....# ......#
#)###.....# .....#..
#g)g).....# .... ..
....gg##g.....####[####..
..... #@................
.... #...!....##.##....
### #........##..#..##
##.......###.#..#
#....†..# #....##
#.......# ##....)
######### #..### #..##.
##.##.


You could see Robin and a hobgoblin.

Vanquished Creatures
  Duvessa (D:4)
  Dowan (D:4)
  A worker ant (D:4)
  3 orc wizards
  A gnoll (D:1)
  2 adders
  An ooze (D:1)
  5 worms
  4 dart slugs
  2 giant geckos (D:1)
  8 orcs
  2 bats (D:1)
  3 giant cockroaches
  11 goblins
  10 hobgoblins
  6 jackals
  A ball python (D:4)
  3 giant newts
  7 kobolds
  4 rats
76 creatures vanquished.

Notes
Turn   | Place    | Note
--------------------------------------------------------------
     0 | D:1      | M4edhros the Octopode Fighter began the quest for the Orb.
     0 | D:1      | Reached XP level 1. HP: 16/16 MP: 1/1
    67 | D:1      | Reached XP level 2. HP: 18/21 MP: 2/2
   168 | D:1      | Reached skill level 1 in Stealth
   168 | D:1      | Reached XP level 3. HP: 21/26 MP: 3/3
   418 | D:2      | Found a faded altar to an unknown god.
   768 | D:2      | Became a worshipper of Makhleb the Destroyer
   768 | D:2      | Reached * piety under Makhleb
   780 | D:2      | Found a stormy altar of Qazlal.
   956 | D:2      | Reached XP level 4. HP: 28/31 MP: 4/4
  1167 | D:3      | Reached ** piety under Makhleb
  1265 | D:3      | Found a snail-covered altar of Cheibriados.
  1391 | D:3      | Gained mutation: You are agile. (Dex +2) [potion of mutation]
  1391 | D:3      | Gained mutation: One of your tentacles bears a spike. [potion of mutation]
  1394 | D:3      | Gained mutation: Scrolls take you a little longer to read. [potion of mutation]
  1394 | D:3      | Gained mutation: You have very sharp teeth. [potion of mutation]
  1394 | D:3      | Gained mutation: One of your tentacles bears a nasty spike. [potion of mutation]
  1394 | D:3      | Reached XP level 5. HP: 22/36 MP: 5/5
  1469 | D:3      | Found a shattered altar of Ashenzari.
  1481 | D:3      | Noticed a moth of wrath
  1483 | D:3      | Found a bloodstained altar of Trog.
  1561 | D:4      | Found a radiant altar of Vehumet.
  1713 | D:4      | Noticed Duvessa
  1713 | D:4      | Noticed Dowan
  1721 | D:4      | Killed Duvessa
  1721 | D:4      | Reached XP level 6. HP: 26/42 MP: 6/6
  1730 | D:4      | Killed Dowan
  1747 | D:4      | Found an oddly glowing altar of Pakellas.
  1765 | D:4      | Reached *** piety under Makhleb
  1768 | D:4      | Noticed Robin
  1782 | D:4      | Slain by Robin

Vault maps used:
D:1:      saegor_arrival_simple_e
D:2:      old_standard_altar, ecumenical_altar_2, kennysheep_generic_room_9
D:3:      tgw_trog, cheibriados_altar_1, first_bread, ashenzari_altar_1
D:4:      old_standard_altar, tso_metal_star, vehumet_crystals,
          nicolae_overflow_crystal_walls, uniq_grinder, uniq_duvessa, uniq_robin

Skill      XL: |  1  2  3  4  5 |
---------------+----------------+-----
Stealth        | 1 2 3 4 |  4.4
Polearms       | 3 |  3.9
Dodging        | 4 |  4.6
Shields        | 4 |  4.4
Fighting       | |  3.0

Action                   |  1- 3 |  4- 6 || total
-------------------------+-------+-------++-------
Melee: Trident           |    55 |   107 ||   162
       Spear             |     2 |       ||     2
  Use: Potion            |       |     3 ||     3
 Stab: Sleeping          |    11 |    17 ||    28
       Distracted        |       |     1 ||     1
  Eat: Chunk             |       |     3 ||     3
